 Dungeon Crawl Stone Soup version 0.26-a0-812-g31a745ddcd (webtiles) character file.

Game seed: 9697828658228222691

63177 Arthanis the Severer (level 15, -1/101 HPs)
             Began as a Gargoyle Berserker on Nov 13, 2020.
             Was the Champion of Trog.
             Slain by a seven-headed hydra (5 damage)
             ... on level 15 of the Dungeon.
             The game lasted 00:27:55 (14526 turns).

Arthanis the Severer (Gargoyle Berserker)          Turns: 14526, Time: 00:27:55

Health: -1/101     AC: 32    Str: 23    XL:     15   Next: 8%
Magic:  15/15      EV:  6    Int: 14    God:    Trog [******]
Gold:   1195       SH:  9    Dex:  9    Spells: 14/14 levels left

rFire    . . .     SeeInvis .   F - +1 hand axe (elec)
rCold    . . .     Faith    .   Q - +0 kite shield
rNeg     + . .     Spirit   .   O - +0 plate armour {rPois}
rPois    ∞         Reflect  .   C - +0 helmet
rElec    +         Harm     .   x - +2 cloak
rCorr    .         Rampage  .   a - +0 pair of gloves
MR       +++..                  s - +0 pair of boots
Stlth    ..........             U - amulet of regeneration
HPRegen  1.66/turn              c - +6 ring of strength
MPRegen  0.14/turn              Z - +4 ring of protection

@: berserk cooldown, regenerating, slowed, lightly drained, very slow
A: big wings, [blurry vision 2], [deformed body], negative energy resistance 1,
electricity resistance, [weak 2], unbreathing, petrification resistance, rot
immunity, AC +11
a: Fly, Berserk, Trog's Hand, Brothers in Arms, Renounce Religion


You were on level 15 of the Dungeon.
You worshipped Trog.
Trog was exalted by your worship.
You visited 1 branch of the dungeon, and saw 15 of its levels.
You visited the Abyss 1 time.
You also visited: Ice Cave.

You collected 1195 gold pieces.

Inventory:

Hand Weapons
 b - a +2 antimagic war axe
 u - a +2 flail of protection
 w - a +1 antimagic war axe
 F - a +1 hand axe of electrocution (weapon)
 H - a +0 vorpal trident
 X - a +4 vorpal hand axe
 Y - a +0 antimagic broad axe
Armour
 a - a +0 pair of gloves (worn)
 s - a +0 pair of boots (worn)
 x - a +2 cloak (worn)
 B - a +2 ring mail of fire resistance
 C - a +0 helmet (worn)
 O - a +0 plate armour of poison resistance (worn)
 Q - a +0 kite shield (worn)
Jewellery
 c - a +6 ring of strength (left hand)
 h - an uncursed ring of see invisible
 r - an uncursed amulet of guardian spirit {unknown}
 R - an uncursed ring of fire
 U - an amulet of regeneration (around neck)
 Z - a +4 ring of protection (right hand)
Wands
 y - a wand of digging (21)
 L - a wand of acid (6)
 N - a wand of flame (10)
 P - a wand of paralysis (7)
 T - a wand of disintegration (17)
Scrolls
 d - a scroll of fog {unknown}
 g - 8 scrolls of enchant armour
 k - 8 scrolls of remove curse
 m - 4 scrolls of immolation
 n - a scroll of identify
 o - 6 scrolls of blinking
 q - 5 scrolls of enchant weapon
 t - 9 scrolls of teleportation
 v - 3 scrolls of magic mapping {unknown}
 A - a scroll of holy word {unknown}
 I - 3 scrolls of amnesia
 K - 2 scrolls of fear {unknown}
 M - 4 scrolls of vulnerability {unknown}
Potions
 e - a potion of resistance {unknown}
 f - 4 potions of haste
 i - 6 potions of curing
 j - a potion of mutation {unknown}
 l - 2 potions of might {unknown}
 p - 5 potions of heal wounds
 z - 3 potions of attraction {unknown}
 D - 4 potions of magic
 E - 3 potions of cancellation {unknown}
 G - 2 potions of lignification {unknown}
 J - a potion of brilliance {unknown}
 S - 4 potions of berserk rage {unknown}
 V - 2 potions of degeneration {unknown}
 W - 2 potions of flight {unknown}


   Skills:
 + Level 14.4(13.9) Fighting
 * Level 16.6(16.1) Axes
 - Level 10.0(9.6) Armour
 - Level 4.0(3.6) Dodging
 - Level 4.0(3.6) Shields
 + Level 6.5(6.2) Evocations


You had 14 spell levels left.
You didn't know any spells.
Your spell library contained the following spells:

 Spells                   Type           Power        Failure   Level
 Corona                   Hex            #......      100%        1
 Magic Dart               Conj           #...         100%        1
 Blink                    Tloc           N/A          100%        2
 Call Imp                 Summ           #.......     100%        2
 Ensorcelled Hibernation  Hex/Ice        #.....       100%        2
 Slow                     Hex            #.......     100%        2
 Confusing Touch          Hex            #.......     100%        3
 Conjure Flame            Conj/Fire      #.......     100%        3
 Dazzling Flash           Conj/Hex       #.....       100%        3
 Ignite Poison            Fire/Tmut/Pois #.......     100%        3
 Mephitic Cloud           Conj/Pois/Air  #.......     100%        3
 Portal Projectile        Hex/Tloc       #.....       100%        3
 Tukima's Dance           Hex            #.......     100%        3
 Iskenderun's Mystic Bla  Conj/Tloc      #.......     100%        4
 Fireball                 Conj/Fire      #.........   100%        5
 Irradiate                Conj/Tmut      #.........   100%        5
 Conjure Ball Lightning   Conj/Air       #.........   100%        6
 Freezing Cloud           Conj/Ice/Air   #.........   100%        6
 Hydra Form               Tmut           #.........   100%        6
 Starburst                Conj/Fire      #.........   100%        6
 Dragon Form              Tmut           #.........   100%        7
 Ignition                 Fire           #.........   100%        8
 Statue Form              Tmut/Erth      Unusable     N/A         6

Dungeon Overview and Level Annotations

Branches:
Dungeon (15/15)            Temple (0/1) D:6            Lair (0/6) D:11
    Orc (0/2) D:12         Vaults (0/5) D:14          IceCv (visited)
 Depths: D:15

Altars:
Dithmenos
Fedhas
Gozag
Hepliaklqana
Kikubaaqudgha
Qazlal
Ru
Wu Jian

Annotations:
D:15 Louise


Innate Abilities, Weirdness & Mutations

You are resistant to torment.
Your stone body is resilient. (AC +11)
You are immune to poison.
Your large and strong wings let you fly indefinitely.
You resist negative energy. (rN+)
You are resistant to electric shocks. (rElec)
You can survive without breathing.
You are immune to petrification.
You are immune to rotting.
[Scrolls take you longer to read.]
[Armour fits poorly on your strangely shaped body.]
[You are very weak. (Str -4)]


Message History

You are no longer berserk.
You are exhausted.
You feel yourself slow down. The eidolon hits you!
* * * LOW HITPOINT WARNING * * *
The eidolon drains your vigour!
You feel as though you will be slow longer.
You block the eidolon's attack.
You pass through the gate.
Welcome back to the Dungeon!
Level annotation: Louise The five-headed hydra bites you but does no damage.
The five-headed hydra bites you!
* * * LOW HITPOINT WARNING * * *
You block the five-headed hydra's attack.
The five-headed hydra bites you but does no damage. x2
The seven-headed hydra bites you but does no damage. x2
The seven-headed hydra barely misses you. x3
The seven-headed hydra bites you but does no damage.
The seven-headed hydra bites you.
You die...

#.###.#.########.###...
#.........# #.# #...
........# #.###...
###.#....# #.......
#........###########..
#..#.........=)......
#..#.###########((...
#####..#D# #..<...(.
#.......@#'##.#..........
#.......WD....#...#.#'##'
#...@...............#.##.
#.............#######.##.
#...:........... ..##.
#.......#.....## ####.
#.......#.....# ##
#.......#.....#
#....(..#.....#


You could see Louise, a seven-headed hydra, a five-headed hydra and an eidolon.

Vanquished Creatures
  A tentacled starspawn (Abyss:3)
  A frost giant (IceCv)
  The ghost of Pibbaybb the Carver, a journeyman MiFi of Yredelemnul (D:14)
  The ghost of Totusom the Carver, a journeyman MiFi of Yredelemnul (D:14)
  A vault guard (D:14)
  A hydra (D:13)
  A death knight (D:13)
  3 centaur warriors
  An ogre mage (D:13)
  2 tengu warriors (D:13)
  2 death yaks (IceCv)
  A queen ant (D:10)
  11 two-headed ogres
  Sonja (D:13)
  A wretched star (Abyss:3)
  2 unseen horrors (D:14)
  A swamp dragon (shapeshifter) (D:15)
  A flayed ghost (Abyss:3)
  17 ugly things
  4 cyclopes
  2 manticores (D:14)
  2 deep elf magi
  An ice statue (IceCv)
  A gargoyle (D:14)
  Maggie (D:6)
  3 komodo dragons
  A kobold demonologist (D:14)
  2 ice devils (D:11)
  A queen bee (shapeshifter) (D:15)
  Prince Ribbit (D:9)
  7 trolls
  A hornet (D:12)
  A hornet (shapeshifter) (D:14)
  7 slime creatures
  11 polar bears (IceCv)
  A shadow (D:15)
  2 ynoxinuls
  Sigmund (D:5)
  A meliai zombie (D:13)
  3 redbacks (D:14)
  A vampire (D:12)
  3 wyverns
  37 yaks
  A wraith (D:11)
  Menkaure (D:6)
  Edmund (D:6)
  10 soldier ants
  2 water moccasins
  14 orc warriors
  Duvessa (D:4)
  7 sky beasts
  A black bear (D:6)
  8 ice beasts
  12 ogres
  22 wolves (IceCv)
  5 phantoms
  An eye of draining (D:14)
  11 centaurs
  9 bullfrogs
  Blork the orc (D:5)
  2 big kobolds
  A gnoll sergeant (D:10)
  An earth elemental (Abyss:3)
  2 wyvern skeletons
  4 scorpions
  Dowan (D:4)
  14 killer bees
  3 electric eels (D:9)
  4 wights (D:11)
  12 howler monkeys
  4 centaur zombies
  3 bullfrog zombies
  14 orc priests
  33 orc wizards
  Crazy Yiuf (D:4)
  2 bullfrog skeletons
  3 jellies
  5 centaur skeletons
  12 hounds
  Ijyb (D:4)
  2 iguanas
  32 worker ants
  A hound zombie (D:10)
  A hound skeleton (D:4)
  A worker ant zombie (D:10)
  17 adders
  7 gnolls
  A shadow imp (D:7)
  2 white imps (D:8)
  3 ufetubi
  5 oozes
  2 adder skeletons
  A worm (D:4)
  3 dart slugs
  4 leopard geckos
  81 orcs
  7 giant cockroaches
  11 goblins
  9 hobgoblins
  10 jackals
  14 kobolds
  5 quokkas
  6 bats
  5 frilled lizards
  A leopard gecko skeleton (D:8)
  3 quokka skeletons
  11 rats
  A starspawn tentacle (Abyss:3)
620 creatures vanquished.

Vanquished Creatures (others)
  8 fungi (D:11)
  A lurking horror (Abyss:2)
  4 plants (D:11)
  A starspawn tentacle (Abyss:3)
  5 withered plants (D:14)
19 creatures vanquished.

Grand Total: 639 creatures vanquished

Notes
Turn   | Place    | Note
-------+----------+-------------------------------------------
     0 | D:1      | Arthanis the Gargoyle Berserker began the quest for the
                  | Orb.
     0 | D:1      | Reached XP level 1. HP: 14/14 MP: 1/1
    26 | D:1      | Reached XP level 2. HP: 19/19 MP: 2/2
   292 | D:1      | Reached skill level 3 in Axes
   443 | D:1      | Reached XP level 3. HP: 22/23 MP: 3/3
   629 | D:1      | Reached ** piety under Trog
  1089 | D:2      | Reached XP level 4. HP: 29/29 MP: 4/4
  1364 | D:2      | Found a blossoming altar of Fedhas.
  1478 | D:2      | Reached skill level 4 in Axes
  1478 | D:2      | Reached XP level 5. HP: 32/33 MP: 5/5
  1549 | D:2      | Found a hazy altar of Hepliaklqana.
  1784 | D:3      | Found an ornate altar of the Wu Jian Council.
  1899 | D:3      | Found an ancient bone altar of Kikubaaqudgha.
  1901 | D:3      | You fall into a shaft and drop 1 floor!
  1901 | D:4      | Noticed Duvessa
  1901 | D:4      | Noticed Dowan
  1911 | D:4      | Killed Dowan
  1914 | D:4      | Killed Duvessa
  1914 | D:4      | Reached XP level 6. HP: 39/39 MP: 6/6
  1978 | D:4      | Noticed a phantom
  2037 | D:4      | Killed a phantom
  2037 | D:4      | Reached skill level 5 in Axes
  2261 | D:4      | Reached XP level 7. HP: 40/44 MP: 7/7
  2486 | D:4      | Reached skill level 5 in Fighting
  2498 | D:4      | Found a runed translucent door.
  2499 | D:4      | Noticed Crazy Yiuf
  2536 | D:4      | Killed Crazy Yiuf
  2536 | D:4      | Reached *** piety under Trog
  2731 | D:3      | Found a faded altar of an unknown god.
  3187 | D:4      | Noticed Ijyb
  3194 | D:4      | Killed Ijyb
  3252 | D:4      | Reached skill level 6 in Axes
  3256 | D:4      | Found a sacrificial altar of Ru.
  3377 | D:4      | Reached skill level 5 in Armour
  3678 | D:5      | Entered Level 5 of the Dungeon
  3764 | D:5      | Reached XP level 8. HP: 44/51 MP: 8/8
  4038 | D:5      | Reached skill level 7 in Axes
  4222 | D:5      | Reached **** piety under Trog
  4297 | D:5      | Noticed Blork the orc
  4298 | D:5      | Noticed Sigmund
  4302 | D:5      | Found a shadowy altar of Dithmenos.
  4307 | D:5      | Killed Blork the orc
  4311 | D:5      | Killed Sigmund
  4382 | D:5      | Reached XP level 9. HP: 56/56 MP: 9/9
  4633 | D:6      | Noticed Edmund
  4644 | D:6      | Killed Edmund
  4654 | D:6      | Found an opulent altar of Gozag.
  4660 | D:6      | Noticed Maggie
  4670 | D:6      | Killed Maggie
  4670 | D:6      | Reached skill level 8 in Axes
  4715 | D:6      | Noticed Menkaure
  4723 | D:6      | Killed Menkaure
  5075 | D:6      | Found a staircase to the Ecumenical Temple.
  5539 | D:7      | Reached skill level 9 in Axes
  5710 | D:7      | Reached XP level 10. HP: 50/64 MP: 10/10
  6368 | D:8      | Reached ***** piety under Trog
  6396 | D:8      | Reached skill level 10 in Axes
  6430 | D:8      | Noticed a two-headed ogre
  6445 | D:8      | Killed a two-headed ogre
  6590 | D:8      | Reached skill level 11 in Axes
  6713 | D:8      | Received a gift from Trog
  6985 | D:9      | Reached skill level 1 in Shields
  6985 | D:9      | Reached skill level 1 in Evocations
  6985 | D:9      | Reached XP level 11. HP: 63/72 MP: 11/11
  6988 | D:9      | Noticed Prince Ribbit
  7012 | D:9      | Killed Prince Ribbit
  7413 | D:9      | Reached skill level 10 in Fighting
  7695 | D:9      | Found an ornate altar of the Wu Jian Council.
  8082 | D:10     | Entered Level 10 of the Dungeon
  8279 | D:10     | Received a gift from Trog
  8404 | D:10     | Noticed a queen ant
  8430 | D:10     | Killed a queen ant
  8491 | D:10     | Reached skill level 12 in Axes
  8777 | D:10     | Found a stormy altar of Qazlal.
  8816 | D:10     | Noticed a two-headed ogre
  8824 | D:10     | Killed a two-headed ogre
  8972 | D:11     | Noticed a two-headed ogre
  8980 | D:11     | Killed a two-headed ogre
  8986 | D:11     | Reached XP level 12. HP: 79/79 MP: 12/12
  9099 | D:11     | Noticed a two-headed ogre
  9107 | D:11     | Killed a two-headed ogre
  9461 | D:11     | Found a frozen archway.
  9466 | D:11     | Reached skill level 13 in Axes
  9476 | IceCv    | Entered an ice cave
  9613 | IceCv    | Reached ****** piety under Trog
  9613 | IceCv    | Received a gift from Trog
  9662 | IceCv    | Noticed a death yak
  9686 | IceCv    | Killed a death yak
  9996 | IceCv    | Reached skill level 14 in Axes
 10057 | IceCv    | Noticed a death yak
 10057 | IceCv    | Noticed a frost giant
 10077 | IceCv    | Killed a frost giant
 10077 | IceCv    | Reached XP level 13. HP: 62/87 MP: 13/13
 10132 | IceCv    | Identified Acinet's Catalogue of the Owl
 10568 | D:11     | Found a staircase to the Lair.
 10719 | D:12     | Found a staircase to the Orcish Mines.
 11542 | D:12     | Reached skill level 15 in Axes
 11578 | D:12     | Received a gift from Trog
 11932 | D:13     | Noticed Sonja
 12180 | D:13     | Killed Sonja
 12334 | D:13     | Identified the cursed +1 leather armour "Valek" {+Inv MR+
                  | Slay+2}
 12658 | D:14     | Gained mutation: Your large and strong wings let you fly
                  | indefinitely. [Gargoyle growth]
 12658 | D:14     | Reached XP level 14. HP: 94/94 MP: 14/14
 12770 | D:13     | Received a gift from Trog
 12770 | D:13     | Reached skill level 5 in Evocations
 13102 | D:13     | Reached skill level 16 in Axes
 13635 | D:14     | Found a runed translucent gate.
 13635 | D:14     | Found a runed translucent gate.
 13635 | D:14     | Found a runed translucent gate.
 13635 | D:14     | Noticed Pibbaybb's ghost (journeyman MiFi)
 13637 | D:14     | Noticed Totusom's ghost (journeyman MiFi)
 13738 | D:14     | Found a gate to the Vaults.
 13976 | D:14     | Killed Totusom's ghost
 13995 | D:14     | Killed Pibbaybb's ghost
 14049 | D:15     | Entered Level 15 of the Dungeon
 14396 | D:15     | Noticed Louise
 14399 | D:15     | Cast into level 2 of the Abyss (Louise)
 14436 | Abyss:2  | Noticed an ironheart preserver
 14452 | Abyss:2  | Noticed an ironheart preserver
 14476 | Abyss:3  | Noticed a tentacled starspawn
 14487 | Abyss:3  | Killed a tentacled starspawn
 14487 | Abyss:3  | Reached XP level 15. HP: 65/101 MP: 15/15
 14522 | Abyss:3  | Reached skill level 10 in Armour
 14526 | D:15     | Escaped the Abyss
 14526 | D:15     | HP: 4/101 [five-headed hydra (7)]
 14526 | D:15     | Slain by a seven-headed hydra

Illustrated notes

Levels and vault maps discovered:
D:1:      psy_arrival_conway, layout_basic
D:2:      cheibrodos_greedy_goblins, layout_basic, overflow_temple_1_default,
          fedhas_altar_4
D:3:      layout_loops_ring, lemuel_round_altar,
          chequers_ecumenical_altar_simple_redux, lemuel_altar_in_water
D:4:      layout_basic, marbit_many_paths, serial_rivers,
          chequers_serial_rivers_micro_a, chequers_serial_rivers_micro_b,
          chequers_serial_rivers_large_b, chequers_serial_rivers_micro_e,
          chequers_serial_rivers_micro_d, chequers_serial_rivers_marsh,
          minivault_4, uniq_ijyb, uniq_crazy_yiuf_cottage, uniq_duvessa
D:5:      layout_loops_ring, grunt_dithmenos_smoke, uniq_blork_the_orc,
          uniq_sigmund
D:6:      layout_cave_pools, lemuel_doored_altar,
          minmay_temple_entry_mini_moons, uniq_edmund, uniq_menkaure,
          uniq_maggie
D:7:      layout_gridville
D:8:      minmay_bloctagon, layout_basic
D:9:      layout_basic, kennysheep_mini, lightli_fourway_metalbox,
          uniq_prince_ribbit1
D:10:     layout_roguey, basic_altar, minmay_another_anthill
D:11:     layout_cave_pods, grunt_lair_entry_orc_guard_hut,
          portal_ice_cave_demonic_guard, kennysheep_donut
D:12:     layout_basic, david_orc_3
D:13:     layout_basic, uniq_sonja
D:14:     layout_cave_pools, david_vaults_5, gammafunk_ghost_cemetery
D:15:     gammafunk_enter_depths_forms, layout_basic, minmay_misc_feat_tiny,
          uniq_louise

Skill      XL: |  1  2  3  4  5  6  7  8  9 10 11 12 13 14 15 |
---------------+----------------------------------------------+-----
Axes           | 3 4 5 6 7 9 11 12 14 15 16 | 16.6
Dodging        | 2 4 |  4.0
Armour         | 3 4 5 6 7 8 9 10 | 10.0
Fighting       | 4 5 6 8 9 10 12 13 14 | 14.4
Shields        | 1 4 |  4.0
Evocations     | 1 4 6 |  6.5

Action                   |  1- 3 |  4- 6 |  7- 9 | 10-12 | 13-15 || total
-------------------------+-------+-------+-------+-------+-------++-------
Melee: Hand axe          |    96 |   123 |       |   877 |   965 ||  2061
       War axe           |       |    48 |   388 |       |       ||   436
       Flail             |       |       |       |       |    13 ||    13
Invok: Berserk           |     1 |     1 |    11 |     7 |    17 ||    37
       Trog's Hand       |       |     1 |     1 |     1 |     5 ||     8
Evoke: Wand              |       |       |       |     5 |     2 ||     7
  Use: Scroll            |       |       |     1 |    11 |     2 ||    14
 Stab: Paralysed         |       |       |       |       |     2 ||     2
Armor: Animal skin       |     2 |       |       |       |       ||     2
       Scale mail        |    17 |       |       |       |       ||    17
       Plate armour      |    59 |   164 |   332 |   466 |   721 ||  1742
       Skin              |     1 |       |       |       |       ||     1
Dodge: Dodged            |    67 |    70 |   155 |   183 |   190 ||   665
Block: Kite shield       |       |       |       |   261 |   425 ||   686

Table legend: (Time is in decaauts)
 A = Elapsed time spent in this place.
 B = Non-inter-level travel time spent in this place.
 C = Inter-level travel time spent in this place.
 D = Time resting spent in this place.
 E = Time spent auto-exploring this place.
 F = Levels seen in this place.
 G = Mean time per level.
                   A        B        C        D        E       F      G
               +--------+--------+--------+--------+--------+-----+--------+
         Total |  14440 |  13890 |    550 |    233 |   9228 |  18 |  802.2 |
       Dungeon |  13748 |  13198 |    550 |    233 |   9228 |  15 |  916.5 |
         Abyss |    106 |    106 |      0 |      0 |      0 |   2 |   53.0 |
      Ice Cave |    585 |    585 |      0 |      0 |      0 |   1 |  585.0 |
               +--------+--------+--------+--------+--------+-----+--------+

Top non-repeatable levels by time:
     D:4: 1403 daAuts
    D:13: 1201 daAuts
     D:9: 1112 daAuts
     D:1: 1081 daAuts
    D:12: 1065 daAuts
    D:14: 1009 daAuts
    D:11: 1001 daAuts
     D:5: 970 daAuts
     D:7: 915 daAuts
    D:10: 857 daAuts
     D:6: 772 daAuts
     D:8: 705 daAuts
     D:2: 679 daAuts
     D:3: 650 daAuts
   IceCv: 585 daAuts
